| TOP OF THE 1ST |
|
Los Angeles (NYP) Dodgers batting - Pitching for Boise Hawks : RHP Ryan Squire
|
|
Pitching: RHP Ryan Squire
|
|
|
Batting: LHB Ramon Vega
|
0-0: Swinging Strike 0-1: Called Strike 0-2: Reached on error, E1 (Groundball, 15S, EV 74.4 MPH)
|
|
Batting: LHB Umar Matoub
|
0-0: Called Strike 0-1: Ball 1-1: Ball 2-1: SINGLE (Line Drive, 89S, EV 93.1 MPH) Ramon Vega to second Runner from 2nd tries for 3rd, OUT! 9-5
|
|
Batting: SHB Ray Luna
|
0-0: Ball 1-0: Ball 2-0: Ball 3-0: Called Strike 3-1: Base on Balls Umar Matoub to second
|
|
Batting: RHB Alex Melgoza
|
0-0: Called Strike 0-1: Swinging Strike 0-2: Foul Ball, location: 2F 0-2: Strikes out swinging
|
|
Batting: RHB Frank Elizondo
|
0-0: Ball 1-0: Ball 2-0: Ball 3-0: Base on Balls Umar Matoub to third Ray Luna to second
|
|
Batting: SHB Marcos Cortez
|
0-0: Swinging Strike 0-1: Swinging Strike 0-2: Ball 1-2: Strikes out swinging
|
| Top of the 1st over - 0 runs, 1 hit, 1 error, 3 left on base; Los Angeles (NYP) 0 - Boise 0 |
| BOTTOM OF THE 1ST |
|
Boise Hawks batting - Pitching for Los Angeles (NYP) Dodgers : RHP Bon John Bovi
|
|
Pitching: RHP Bon John Bovi
|
|
|
Batting: SHB Clayton Saunders
|
0-0: Ball 1-0: Ball 2-0: Hit by Pitch
|
|
Batting: RHB Ryan Ward
|
0-0: Ball Clayton Saunders steals 2nd base 1-0: Ball 2-0: Swinging Strike 2-1: Ball 3-1: Ground out 6-3 (Groundball, 6M, EV 103.8 MPH) Clayton Saunders to third
|
|
Batting: RHB Andy Rayer
|
0-0: Ball 1-0: Foul Ball, location: 2F 1-1: Ground out 4-3 (Groundball, 4, EV 83.1 MPH) Clayton Saunders scores
|
|
Batting: RHB Dan Hoffman
|
0-0: Ball 1-0: Called Strike 1-1: Ball 2-1: Ball 3-1: Called Strike 3-2: Base on Balls
|
|
Batting: LHB Jerry Santana
|
0-0: SINGLE (Line Drive, 8LS, EV 113.1 MPH) Dan Hoffman to second
|
|
Batting: RHB Seisaburo Edagawa
|
0-0: Ball 1-0: Ground out 6-3 (Groundball, 4MS, EV 85.0 MPH)
|
| Bottom of the 1st over - 1 run, 1 hit, 0 errors, 2 left on base; Los Angeles (NYP) 0 - Boise 1 |
| TOP OF THE 2ND |
|
Los Angeles (NYP) Dodgers batting - Pitching for Boise Hawks : RHP Ryan Squire
|
|
Batting: RHB Cory Bonham
|
0-0: Ball 1-0: Called Strike 1-1: DOUBLE (Groundball, 3L, EV 97.5 MPH)
|
|
Batting: SHB Dave Reynoso
|
0-0: Swinging Strike 0-1: Fly out, F8 (Flyball, 8LXD, EV 108.8 MPH) Runner from 2nd tags up, SAFE at 3rd, no throw by CF
|
|
Batting: RHB Yok-sing Zhào
|
0-0: Ball 1-0: Ball 2-0: Ground out 5-3 (Groundball, 5S, EV 86.2 MPH)
|
|
Batting: LHB Ramon Vega
|
0-0: Ball 1-0: Foul Ball, location: 2F 1-1: DOUBLE (Flyball, 8RD, EV 101.9 MPH) Cory Bonham scores
|
|
Batting: LHB Umar Matoub
|
0-0: Called Strike 0-1: Ground out 6-3 (Groundball, 6MD, EV 88.1 MPH)
|
| Top of the 2nd over - 1 run, 2 hits, 0 errors, 1 left on base; Los Angeles (NYP) 1 - Boise 1 |
| BOTTOM OF THE 2ND |
|
Boise Hawks batting - Pitching for Los Angeles (NYP) Dodgers : RHP Bon John Bovi
|
|
Batting: SHB Justin Jackson
|
0-0: Ball 1-0: Foul Ball, location: 2F 1-1: Ground out U3 (Groundball, 3L, EV 88.1 MPH)
|
|
Batting: RHB Keith Giarratano
|
0-0: Ball 1-0: Ground out 4-3 (Groundball, 4, EV 82.5 MPH)
|
|
Batting: RHB Bob Hayes
|
0-0: Ball 1-0: Called Strike 1-1: Reached on error, E6 (Groundball, 56D, EV 83.8 MPH)
|
|
Batting: SHB Clayton Saunders
|
0-0: Ball Wild Pitch! Bob Hayes to second 1-0: Fly out, F7 (Flyball, 78S, EV 88.1 MPH)
|
| Bottom of the 2nd over - 0 runs, 0 hits, 1 error, 1 left on base; Los Angeles (NYP) 1 - Boise 1 |
| TOP OF THE 3RD |
|
Los Angeles (NYP) Dodgers batting - Pitching for Boise Hawks : RHP Ryan Squire
|
|
Batting: SHB Ray Luna
|
0-0: Ball 1-0: Swinging Strike 1-1: Foul Ball, location: 2F 1-2: Ball 2-2: Foul Ball, location: 2F 2-2: Strikes out swinging
|
|
Batting: RHB Alex Melgoza
|
0-0: Ball 1-0: Ball 2-0: Ball 3-0: Base on Balls
|
|
Batting: RHB Frank Elizondo
|
0-0: Ball 1-0: Called Strike 1-1: Ball 2-1: Called Strike 2-2: 2-RUN HOME RUN (Line Drive, 7D, EV 100.0 MPH), Distance : 365 ft
|
|
Batting: SHB Marcos Cortez
|
0-0: Foul Ball, location: 2F 0-1: Ball 1-1: Ball 2-1: SOLO HOME RUN (Line Drive, 89XD, EV 110.6 MPH), Distance : 413 ft
|
|
Batting: RHB Cory Bonham
|
0-0: Ground out 6-3 (Groundball, 56, EV 82.5 MPH)
|
|
Batting: SHB Dave Reynoso
|
0-0: Called Strike 0-1: Ball 1-1: Fly out, F7 (Flyball, 7, EV 93.8 MPH)
|
| Top of the 3rd over - 3 runs, 2 hits, 0 errors, 0 left on base; Los Angeles (NYP) 4 - Boise 1 |
| BOTTOM OF THE 3RD |
|
Boise Hawks batting - Pitching for Los Angeles (NYP) Dodgers : RHP Bon John Bovi
|
|
Batting: RHB Ryan Ward
|
0-0: Ball 1-0: Called Strike 1-1: Ball 2-1: Foul Ball, location: 2F 2-2: SINGLE (Groundball, 34D, EV 95.0 MPH)
|
|
Batting: RHB Andy Rayer
|
0-0: Ball 1-0: Ball 2-0: Ball 3-0: Base on Balls Ryan Ward to second
|
|
Batting: RHB Dan Hoffman
|
0-0: Ball 1-0: Foul Ball, location: 2F 1-1: Ball 2-1: Fly out, F7 (Line Drive, 7, EV 107.5 MPH)
|
|
Batting: LHB Jerry Santana
|
0-0: Swinging Strike 0-1: Called Strike 0-2: Foul Ball, location: 2F 0-2: Foul Ball, location: 2F 0-2: Ball 1-2: Fly out, F8 (Flyball, 8LS, EV 85.6 MPH)
|
|
Batting: RHB Seisaburo Edagawa
|
0-0: TRIPLE (Flyball, 89XD, EV 108.1 MPH) Ryan Ward scores Andy Rayer scores
|
|
Batting: SHB Justin Jackson
|
0-0: Ball 1-0: Ball 2-0: Ball 3-0: Called Strike 3-1: Base on Balls
|
|
Batting: RHB Keith Giarratano
|
0-0: Ball 1-0: Called Strike 1-1: DOUBLE (Line Drive, 7LS, EV 92.5 MPH) Seisaburo Edagawa scores Justin Jackson to third Runner from 3rd tries for Home, SAFE, no throw by LF
|
|
Pitching: RHP Juan Serrano
|
|
|
Batting: RHB Bob Hayes
|
0-0: Called Strike 0-1: Called Strike 0-2: Ball 1-2: SINGLE (Groundball, 56D, EV 95.0 MPH) Keith Giarratano to third Throwing error, E7 Keith Giarratano scores Bob Hayes to second
|
|
Batting: SHB Clayton Saunders
|
0-0: Called Strike 0-1: Swinging Strike 0-2: Ball 1-2: Foul Ball, location: 2F 1-2: Ball 2-2: Foul Ball, location: 2F 2-2: Ball 3-2: Fly out, F9 (Flyball, 9D, EV 97.5 MPH)
|
| Bottom of the 3rd over - 5 runs, 4 hits, 1 error, 1 left on base; Los Angeles (NYP) 4 - Boise 6 |
| TOP OF THE 4TH |
|
Los Angeles (NYP) Dodgers batting - Pitching for Boise Hawks : RHP Ryan Squire
|
|
Batting: RHB Yok-sing Zhào
|
0-0: Ball 1-0: Swinging Strike 1-1: Called Strike 1-2: Ball 2-2: Fly out, F7 (Flyball, 7D, EV 95.0 MPH)
|
|
Batting: LHB Ramon Vega
|
0-0: Ball 1-0: Foul Ball, location: 2F 1-1: Foul Ball, location: 2F 1-2: Ball 2-2: Ball 3-2: Base on Balls
|
|
Batting: LHB Umar Matoub
|
0-0: Ball Ramon Vega steals 2nd base 1-0: Ground out U3 (Groundball, 23, EV 84.4 MPH) Ramon Vega to third
|
|
Batting: SHB Ray Luna
|
0-0: Ball 1-0: SINGLE (Line Drive, 34D, EV 103.8 MPH) Ramon Vega scores
|
|
Batting: RHB Alex Melgoza
|
0-0: Ball 1-0: SINGLE (Groundball, 6MD, EV 94.4 MPH) Ray Luna to second Runner from 2nd tries for 3rd, SAFE after rundown.
|
|
Pitching: LHP Josh Alvarez
|
|
|
Batting: RHB Frank Elizondo
|
0-0: Foul Ball, location: 2F 0-1: Called Strike 0-2: Ball 1-2: Foul Ball, location: 2F 1-2: Ball 2-2: Ball 3-2: Base on Balls Alex Melgoza to second
|
|
Batting: SHB Marcos Cortez
|
0-0: Called Strike 0-1: Ball Passed Ball! Ray Luna scores Alex Melgoza to third Frank Elizondo to second 1-1: Foul Ball, location: 2F 1-2: Strikes out swinging
|
| Top of the 4th over - 2 runs, 2 hits, 0 errors, 2 left on base; Los Angeles (NYP) 6 - Boise 6 |
| BOTTOM OF THE 4TH |
|
Boise Hawks batting - Pitching for Los Angeles (NYP) Dodgers : RHP Juan Serrano
|
|
Batting: RHB Ryan Ward
|
0-0: Ball 1-0: Called Strike 1-1: Ball 2-1: Called Strike 2-2: Ball 3-2: Base on Balls
|
|
Batting: RHB Andy Rayer
|
0-0: Called Strike 0-1: Fly out, F7 (Flyball, 7S, EV 91.9 MPH)
|
|
Batting: RHB Dan Hoffman
|
0-0: Ball 1-0: Swinging Strike 1-1: Ball 2-1: Ball 3-1: Base on Balls Ryan Ward to second
|
|
Batting: LHB Jerry Santana
|
0-0: Ball 1-0: Foul Ball, location: 2F 1-1: Foul Ball, location: 2F 1-2: Foul Ball, location: 2F 1-2: Ball 2-2: SINGLE (Groundball, 6S, EV 64.4 MPH) (infield hit) Ryan Ward to third Dan Hoffman to second
|
|
Pitching: RHP Bart Bell
|
|
|
Batting: RHB Seisaburo Edagawa
|
0-0: Fly out, F8 (Flyball, 78M, EV 88.1 MPH)
|
|
Batting: SHB Justin Jackson
|
0-0: SINGLE (Line Drive, 9S, EV 94.4 MPH) Ryan Ward scores Dan Hoffman to third Jerry Santana to second Runner from 3rd tries for Home, SAFE, throw by RF to home
|
|
Batting: RHB Keith Giarratano
|
0-0: Fielders Choice at 2nd, 6-4 (Groundball, 6, EV 102.5 MPH)
|
| Bottom of the 4th over - 2 runs, 2 hits, 0 errors, 2 left on base; Los Angeles (NYP) 6 - Boise 8 |
| TOP OF THE 5TH |
|
Los Angeles (NYP) Dodgers batting - Pitching for Boise Hawks : LHP Josh Alvarez
|
|
Batting: RHB Cory Bonham
|
0-0: Ball 1-0: Foul Ball, location: 2F 1-1: Ball 2-1: Swinging Strike 2-2: Strikes out swinging
|
|
Batting: SHB Dave Reynoso
|
0-0: Called Strike 0-1: Ball 1-1: Ball 2-1: Foul Ball, location: 2F 2-2: Strikes out swinging
|
|
Batting: RHB Yok-sing Zhào
|
0-0: Called Strike 0-1: Ball 1-1: Foul Ball, location: 2F 1-2: Fly out, F8 (Flyball, 8LM, EV 90.0 MPH)
|
| Top of the 5th over - 0 runs, 0 hits, 0 errors, 0 left on base; Los Angeles (NYP) 6 - Boise 8 |
| BOTTOM OF THE 5TH |
|
Boise Hawks batting - Pitching for Los Angeles (NYP) Dodgers : RHP Bart Bell
|
|
Batting: RHB Bob Hayes
|
0-0: Ball 1-0: Fly out, F7 (Flyball, 7LSF, EV 82.5 MPH)
|
|
Batting: SHB Clayton Saunders
|
0-0: Bunt missed! 0-1: Ground out 4-3 (Groundball, 4S, EV 88.8 MPH)
|
|
Batting: RHB Ryan Ward
|
0-0: Reached on error, E3 (Groundball, 34, EV 82.5 MPH)
|
|
Batting: RHB Andy Rayer
|
0-0: Ball Wild Pitch! Ryan Ward to third 1-0: Foul Ball, location: 2F 1-1: Ball 2-1: Ball 3-1: Base on Balls
|
|
Batting: RHB Dan Hoffman
|
0-0: Called Strike Andy Rayer is caught stealing 2nd base 2-4
|
| Bottom of the 5th over - 0 runs, 0 hits, 1 error, 1 left on base; Los Angeles (NYP) 6 - Boise 8 |
| TOP OF THE 6TH |
|
Los Angeles (NYP) Dodgers batting - Pitching for Boise Hawks : LHP Josh Alvarez
|
|
Batting: LHB Ramon Vega
|
0-0: Ball 1-0: Ball 2-0: Swinging Strike 2-1: Fly out, F4 (Line Drive, 4, EV 72.5 MPH)
|
|
Batting: LHB Umar Matoub
|
0-0: Foul Ball, location: 2F 0-1: Swinging Strike 0-2: Ball 1-2: Ground out 4-3 (Groundball, 4, EV 95.6 MPH)
|
|
Batting: SHB Ray Luna
|
0-0: Ball 1-0: Ball 2-0: Ball 3-0: Called Strike 3-1: Swinging Strike 3-2: Base on Balls
|
|
Batting: RHB Alex Melgoza
|
0-0: 2-RUN HOME RUN (Flyball, 7LD, EV 98.1 MPH), Distance : 350 ft
|
|
Batting: RHB Frank Elizondo
|
0-0: Ball 1-0: Ball 2-0: Ball 3-0: Called Strike 3-1: Swinging Strike 3-2: Foul Ball, location: 2F 3-2: Base on Balls
|
|
Pitching: RHP David Landa
|
|
|
Batting: SHB Marcos Cortez
|
0-0: Ball 1-0: DOUBLE (Line Drive, 8LXD, EV 105.6 MPH) Frank Elizondo to third
|
|
Batting: RHB Cory Bonham
|
0-0: Ball 1-0: Ball 2-0: Swinging Strike 2-1: Foul Ball, location: 2F 2-2: Ball 3-2: Base on Balls
|
|
Pinch Hitting: RHB Jose Corral
|
0-0: Called Strike 0-1: Swinging Strike 0-2: Hit by Pitch Frank Elizondo scores Marcos Cortez to third Cory Bonham to second
|
|
Batting: RHB Yok-sing Zhào
|
0-0: Ball 1-0: Foul Ball, location: 2F 1-1: Swinging Strike 1-2: Ball 2-2: Strikes out swinging
|
| Top of the 6th over - 3 runs, 2 hits, 0 errors, 3 left on base; Los Angeles (NYP) 9 - Boise 8 |
| BOTTOM OF THE 6TH |
|
Boise Hawks batting - Pitching for Los Angeles (NYP) Dodgers : RHP Bart Bell
|
|
Now at SS: Areda Obote
|
|
|
Batting: RHB Dan Hoffman
|
0-0: Called Strike 0-1: Foul Ball, location: 2F 0-2: Ball 1-2: Ball 2-2: Foul Ball, location: 2F 2-2: Foul Ball, location: 2F 2-2: Ball 3-2: Foul Ball, location: 2F 3-2: Base on Balls
|
|
Batting: LHB Jerry Santana
|
0-0: Ball 1-0: Ball 2-0: Called Strike 2-1: Foul Ball, location: 2F 2-2: Strikes out swinging
|
|
Batting: RHB Seisaburo Edagawa
|
0-0: Foul Ball, location: 2F 0-1: Ball 1-1: Ball 2-1: Called Strike 2-2: Foul Ball, location: 2F 2-2: DOUBLE (Groundball, 5L, EV 100.6 MPH) Dan Hoffman to third
|
|
Pitching: RHP Bill Tulk
|
|
|
Batting: SHB Justin Jackson
|
0-0: Called Strike 0-1: Ball 1-1: Called Strike 1-2: Foul Ball, location: 2F 1-2: Ground out 1-3 (Groundball, 13S, EV 65.0 MPH)
|
|
Batting: RHB Keith Giarratano
|
0-0: Foul Ball, location: 2F 0-1: Swinging Strike 0-2: Strikes out looking
|
| Bottom of the 6th over - 0 runs, 1 hit, 0 errors, 2 left on base; Los Angeles (NYP) 9 - Boise 8 |
| TOP OF THE 7TH |
|
Los Angeles (NYP) Dodgers batting - Pitching for Boise Hawks : RHP David Landa
|
|
Batting: LHB Ramon Vega
|
0-0: Ball 1-0: Ground out 4-3 (Groundball, 4S, EV 69.4 MPH)
|
|
Batting: LHB Umar Matoub
|
0-0: Ground out 4-3 (Groundball, 34, EV 105.6 MPH)
|
|
Batting: SHB Ray Luna
|
0-0: Swinging Strike 0-1: Called Strike 0-2: Ball 1-2: Ball 2-2: SINGLE (Line Drive, 8RS, EV 88.1 MPH)
|
|
Batting: RHB Alex Melgoza
|
0-0: Ball 1-0: Called Strike 1-1: Called Strike 1-2: Ground out 1-3 (Groundball, 13S, EV 71.9 MPH)
|
| Top of the 7th over - 0 runs, 1 hit, 0 errors, 1 left on base; Los Angeles (NYP) 9 - Boise 8 |
| BOTTOM OF THE 7TH |
|
Boise Hawks batting - Pitching for Los Angeles (NYP) Dodgers : RHP Bill Tulk
|
|
Batting: RHB Bob Hayes
|
0-0: Called Strike 0-1: Ball 1-1: Foul Ball, location: 2F 1-2: Foul Ball, location: 2F 1-2: Foul Ball, location: 2F 1-2: Ball 2-2: Strikes out looking
|
|
Batting: SHB Clayton Saunders
|
0-0: Foul Ball, location: 2F 0-1: Foul Ball, location: 2F 0-2: Ball 1-2: Foul Ball, location: 2F 1-2: Foul Ball, location: 2F 1-2: Ball 2-2: Strikes out swinging
|
|
Pitching: RHP Malik Victor
|
|
|
Batting: RHB Ryan Ward
|
0-0: Ball 1-0: Ball 2-0: Ball 3-0: Called Strike 3-1: Foul Ball, location: 2F 3-2: Foul Ball, location: 2F 3-2: Foul Ball, location: 2F 3-2: Base on Balls
|
|
Batting: RHB Andy Rayer
|
0-0: Ball 1-0: Called Strike 1-1: Ball 2-1: SINGLE (Line Drive, 9S, EV 87.5 MPH) Ryan Ward to second Runner from 2nd tries for 3rd, SAFE, throw by RF made to third
|
|
Batting: RHB Dan Hoffman
|
0-0: Foul Ball, location: 2F 0-1: Called Strike 0-2: Ball 1-2: Ball 2-2: Ball 3-2: Fly out, F7 (Flyball, 7, EV 87.5 MPH)
|
| Bottom of the 7th over - 0 runs, 1 hit, 0 errors, 2 left on base; Los Angeles (NYP) 9 - Boise 8 |
| TOP OF THE 8TH |
|
Los Angeles (NYP) Dodgers batting - Pitching for Boise Hawks : RHP David Landa
|
|
Batting: RHB Frank Elizondo
|
0-0: Called Strike 0-1: Ball 1-1: Foul Ball, location: 2F 1-2: Strikes out swinging
|
|
Batting: SHB Marcos Cortez
|
0-0: Called Strike 0-1: Ball 1-1: Ball 2-1: Foul Ball, location: 2F 2-2: Foul Ball, location: 2F 2-2: Hit by Pitch
|
|
Batting: RHB Cory Bonham
|
0-0: Called Strike 0-1: Ball 1-1: Ball 2-1: Foul Ball, location: 2F 2-2: Strikes out looking
|
|
Pitching: RHP Zi-cheng Zhou
|
|
|
Pinch Hitting: LHB Ramon Padilla
|
0-0: Ball 1-0: Ground out 4-3 (Groundball, 34D, EV 84.4 MPH)
|
| Top of the 8th over - 0 runs, 0 hits, 0 errors, 1 left on base; Los Angeles (NYP) 9 - Boise 8 |
| BOTTOM OF THE 8TH |
|
Boise Hawks batting - Pitching for Los Angeles (NYP) Dodgers : RHP Malik Victor
|
|
Now at 3B: Hiroki Yamamoto
|
|
|
Now at SS: Cory Bonham
|
|
|
Batting: LHB Jerry Santana
|
0-0: Ball 1-0: Ball 2-0: Ball 3-0: Called Strike 3-1: Called Strike 3-2: Foul Ball, location: 2F 3-2: SINGLE (Flyball, 56D, EV 91.2 MPH)
|
|
Pitching: RHP Matt Radovich
|
|
|
Batting: RHB Seisaburo Edagawa
|
0-0: Sac Bunt to 2L - play at first, batter OUT! 2-3 Jerry Santana to second
|
|
Batting: SHB Justin Jackson
|
0-0: Ball 1-0: Called Strike 1-1: Ball 2-1: Ground out 6-3 (Groundball, 6, EV 81.9 MPH) Jerry Santana to third
|
|
Batting: RHB Keith Giarratano
|
0-0: Called Strike 0-1: Ball 1-1: SINGLE (Flyball, 8RS, EV 93.8 MPH) Jerry Santana scores
|
|
Batting: RHB Bob Hayes
|
0-0: Ball 1-0: Called Strike 1-1: Ball 2-1: SINGLE (Line Drive, 7S, EV 106.9 MPH) Keith Giarratano to second
|
|
Pinch Runner at 2nd Kevin McKasson:
|
|
|
Batting: SHB Clayton Saunders
|
0-0: Ball 1-0: Reached on error, E8 (Flyball, 8LD, EV 86.9 MPH) Kevin McKasson scores Bob Hayes to third
|
|
Batting: RHB Ryan Ward
|
0-0: Called Strike 0-1: Swinging Strike 0-2: Ball 1-2: Fly out, F8 (Flyball, 8LD, EV 100.6 MPH)
|
| Bottom of the 8th over - 2 runs, 3 hits, 1 error, 2 left on base; Los Angeles (NYP) 9 - Boise 10 |
| TOP OF THE 9TH |
|
Los Angeles (NYP) Dodgers batting - Pitching for Boise Hawks : RHP Zi-cheng Zhou
|
|
Pitching: RHP Befikadu Mthuthuzeli
|
|
|
Now at C: Bryce Hickman
|
|
|
Pinch Hitting: RHB Juan Gallardo
|
0-0: Called Strike 0-1: Ball 1-1: Ball 2-1: Ball 3-1: Ground out 4-3 (Groundball, 4, EV 110.6 MPH)
|
|
Batting: LHB Ramon Vega
|
0-0: Ground out 6-3 (Groundball, 56D, EV 87.5 MPH)
|
|
Batting: LHB Umar Matoub
|
0-0: Called Strike 0-1: Foul Ball, location: 2F 0-2: Ball 1-2: Fly out, F8 (Flyball, 8LD, EV 105.6 MPH)
|
| Top of the 9th over - 0 runs, 0 hits, 0 errors, 0 left on base; Los Angeles (NYP) 9 - Boise 10 |
|